 Dungeon Crawl Stone Soup version 0.28-a0-723-g095bd1b44f (webtiles) character file.

Game seed: 697842959049358280

49 aaag the Chopper (level 3, -1/34 HPs)
             Began as a Minotaur Berserker on Oct 25, 2021.
             Was a Believer of Trog.
             Slain by Terence (4 damage)
             ... on level 2 of the Dungeon.
             The game lasted 00:05:17 (1341 turns).

aaag the Chopper (Minotaur Berserker)               Turns: 1341, Time: 00:05:18

Health: -1/34      AC:  2    Str: 22    XL:     3   Next: 53%
Magic:  2/2        EV: 12    Int:  4    God:    Trog [**....]
Gold:   4          SH:  0    Dex:  9    Spells: 2/2 levels left

rFire   . . .      SeeInvis .   a - +0 hand axe
rCold   . . .      Faith    .   (no shield)
rNeg    . . .      Spirit   .   b - +0 animal skin
rPois   .          Reflect  .   (helmet restricted)
rElec   .          Harm     .   (no cloak)
rCorr   .          Rampage  .   (no gloves)
Will    .....                   (no boots)
Stlth   +.........              (no amulet)
HPRegen 0.11/turn               (no ring)
MPRegen 0.08/turn               (no ring)

@: no status effects
A: horns 2, retaliatory headbutt
a: Renounce Religion, Berserk, Trog's Hand


You were on level 2 of the Dungeon.
You worshipped Trog.
Trog was pleased with you.
You visited 1 branch of the dungeon, and saw 2 of its levels.

You collected 4 gold pieces.

Inventory:

Hand Weapons
 a - a +0 hand axe (weapon)
Missiles
 e - 4 boomerangs of dispersal (quivered)
Armour
 b - a +0 animal skin (worn)
Jewellery
 d - a ring of protection from fire
Wands
 f - a wand of iceblast (16)
Scrolls
 c - a scroll of teleportation {unknown}
 h - 2 scrolls of blinking {unknown}
Potions
 g - a potion of haste


   Skills:
 + Level 4.3 Fighting
 + Level 4.4 Axes
 + Level 2.8 Armour
 + Level 2.7 Dodging
 + Level 0.1 Stealth


You had 2 spell levels left.
You didn't know any spells.
Your spell library was empty.

Dungeon Overview and Level Annotations

Branches:
Dungeon (2/15)

Altars:

Annotations:
D:2 Terence


Innate Abilities, Weirdness & Mutations

You have a pair of horns on your head.
You reflexively headbutt those who attack you in melee.


Message History

The quokka is moderately wounded.
The quokka barely misses you.
You barely miss the quokka.
The quokka is moderately wounded.
The quokka barely misses you.
You hit the quokka.
You kill the quokka!
Trog accepts your kill.
You start resting.
HP restored.
There is a stone staircase leading down here.
As you open the door, it creaks loudly!
Terence the Incautious comes into view.
He is wielding a +0 trident.
Terence shouts!
Terence drinks a potion.
Terence seems to speed up.
Found 12 gold pieces.
A dart slug comes into view.
There is an open door here.
Terence barely misses you.
You hit Terence but do no damage. Terence hits you with a +0 trident.
Terence hits you with a +0 trident!
You hit Terence but do no damage. You headbutt Terence, but do no damage.
You hit the dart slug. Terence hits you with a +0 trident.
You hit Terence. You headbutt Terence, but do no damage.
Terence is moderately wounded.
You hit the dart slug.
Terence asks, "Do you want it fast or slow?"
Terence closely misses you. The dart slug misses you. You furiously retaliate!
You headbutt the dart slug!
You kill the dart slug!
Trog accepts your kill. Terence hits you with a +0 trident!
* * * LOW HITPOINT WARNING * * *
Terence misses you.
There is an open door here.
Terence misses you.
Terence hits you from afar with a +0 trident.
* * * LOW HITPOINT WARNING * * *
Terence hits you from afar with a +0 trident.
You die...

.####..# .# #...##
##.#.#).# ##.#.##.#
######## ...#.##.##
#......###### <..#.##..#
#...........#
####.###.#####...........##
.........................>#
..######..###...@.@.......#
..# ##.#
#...>...#####'####### ..#
#..##.......#...........#
###
##.##.#######......####.#
..#.# #......# #.#.#
#......# ...# #...$..#
########


You could see Terence (fast).

Vanquished Creatures
  An adder (D:2)
  A dart slug (D:2)
  3 endoplasms (D:1)
  A giant cockroach (D:1)
  8 goblins (D:1)
  3 hobgoblins (D:1)
  A quokka (D:2)
  4 ball pythons (D:1)
  5 bats (D:1)
  4 frilled lizards (D:1)
  5 kobolds (D:1)
  3 rats (D:1)
39 creatures vanquished.

Notes
Turn   | Place    | Note
-------+----------+-------------------------------------------
     0 | D:1      | aaag the Minotaur Berserker began the quest for the Orb.
     0 | D:1      | Reached XP level 1. HP: 19/19 MP: 0/0
   271 | D:1      | Reached XP level 2. HP: 20/27 MP: 1/1
   475 | D:1      | Reached ** piety under Trog
   875 | D:1      | Reached XP level 3. HP: 33/33 MP: 2/2
  1326 | D:2      | Noticed Terence
  1341 | D:2      | Slain by Terence

Illustrated notes

Levels and vault maps discovered:
D:1:      minmay_arrival_radiant_lines, layout_rooms, roderic_serpentine_path,
          chequers_serial_rivers_large_a, hangedman_feature_mirror, minivault_5,
          eino_curves_01
D:2:      minmay_chambers_of_twos, layout_basic, uniq_terence

Skill      XL: |  1  2 |
---------------+-------+-----
Axes           | 4 |  4.4
Fighting       | 4 |  4.3
Armour         | |  2.8
Dodging        | |  2.7
Stealth        | |  0.1

Action                   || total
-------------------------++-------
Melee: Hand axe          ||    70
       Headbutt          ||     7
Invok: Berserk           ||     1
Armor: Animal skin       ||    17
Dodge: Dodged            ||    61

Table legend: (Time is in decaauts)
 A = Elapsed time spent in this place.
 B = Non-inter-level travel time spent in this place.
 C = Inter-level travel time spent in this place.
 D = Time resting spent in this place.
 E = Time spent auto-exploring this place.
 F = Levels seen in this place.
 G = Mean time per level.
                   A        B        C        D        E       F      G
               +--------+--------+--------+--------+--------+-----+--------+
         Total |   1369 |   1334 |     35 |    400 |      0 |   2 |  684.5 |
       Dungeon |   1369 |   1334 |     35 |    400 |      0 |   2 |  684.5 |
               +--------+--------+--------+--------+--------+-----+--------+

Top non-repeatable levels by time:
     D:1: 1067 daAuts
     D:2: 301 daAuts
